 Dungeon Crawl Stone Soup version 0.22.1-6-g1668fe2 (webtiles) character file.

314 Sandy the Cutter (level 5, -8/40 HPs)
             Began as a Demigod Artificer on Jan 24, 2019.
             Mangled by a scorpion (9 damage)
             ... on level 5 of the Dungeon on Jan 25, 2019.
             The game lasted 00:27:45 (5861 turns).

Sandy the Cutter (Demigod Artificer)                Turns: 5861, Time: 00:27:46

Health: -8/40      AC:  3    Str: 15 (17) XL:     5   Next: 98%
Magic:  9/9        EV: 12    Int: 16 (19) God:
Gold:   207        SH:  6    Dex: 14 (16) Spells: 4/4 levels left

rFire    . . .     SeeInvis .   a - +0 short sword
rCold    . . .     Gourm    .   j - +2 buckler
rNeg     + + .     Faith    .   w - +1 robe of Tomiahai {*Corrode rN++ Int+4} (curse)
rPois    .         Spirit   .   (no helmet)
rElec    .         Reflect  .   (no cloak)
rCorr    .         Harm     .   (no gloves)
MR       .....                  (no boots)
Stlth    ++........             (no amulet)
HPRegen  0.13/turn              (no ring)
MPRegen  0.11/turn              (no ring)

@: lethally poisoned (-8 -> -26)
A: high mp 1
a: no special abilities


You were on level 5 of the Dungeon.
You were not hungry.

You visited 1 branch of the dungeon, and saw 5 of its levels.

You collected 207 gold pieces.

Inventory:

Hand Weapons
 a - a +0 short sword (weapon)
 b - a +0 hunting sling
 s - a +0 blowgun
 t - a +0 club
Missiles
 i - 10 javelins
 k - 35 stones (quivered)
 u - 16 poisoned needles
Armour
 j - a +2 buckler (worn)
 p - a +1 leather armour
 w - the cursed +1 robe of Tomiahai (worn) {*Corrode rN++ Int+4}
   (You found it on level 4 of the Dungeon)

   It affects your intelligence (+4).
   It greatly protects you from negative energy.
   It may corrode you when you take damage.
   It has a curse placed upon it.
Wands
 c - a wand of flame (11)
 d - a wand of enslavement (15)
 e - a wand of random effects (11)
Scrolls
 h - a scroll of amnesia
 n - 2 scrolls of identify
Potions
 g - 4 potions of curing
 m - a potion of agility {unknown}
Comestibles
 f - 9 rations
 l - a chunk of flesh


   Skills:
 - Level 1.6 Fighting
 + Level 5.0 Short Blades
 - Level 1.4 Slings
 - Level 1.7 Dodging
 - Level 0.8 Stealth
 * Level 1.0 Shields
 - Level 2.6 Evocations


You had 4 spell levels left.
You didn't know any spells.
Your spell library contained the following spells:

 Spells                   Type           Power        Failure   Level  Hunger
 Magic Dart               Conj           #...         36%         1    ##.....
 Searing Ray              Conj           #.....       50%         2    ###....
 Dazzling Spray           Conj/Hex       #.....       73%         3    ####...
 Force Lance              Conj/Tloc      #.......     98%         4    #####..
 Fulminant Prism          Conj/Hex       #.........   98%         4    #####..
 Ice Form                 Ice/Tmut       #.......     98%         4    #####..
 Iskenderun's Mystic Bla  Conj           #.......     98%         4    #####..
 Metabolic Englaciation   Hex/Ice        #.........   100%        5    ######.
 Bolt of Cold             Conj/Ice       #.........   100%        6    #######
 Freezing Cloud           Conj/Ice/Air   #.........   100%        6    #######
 Ozocubu's Refrigeration  Ice            #.........   100%        6    #######
 Simulacrum               Ice/Necr       #.........   100%        6    #######


Dungeon Overview and Level Annotations

Branches:
Dungeon (5/15)
 Temple: D:4-7


Innate Abilities, Weirdness & Mutations

You have an increased reservoir of magic. (+10% MP)


Message History

The scorpion is almost dead.
You feel sick. The scorpion barely misses you.
You hit the scorpion but do no damage.
The scorpion is almost dead.
You feel sick. You block the scorpion's attack.
You hit the scorpion but do no damage.
The scorpion is almost dead.
The scorpion stings you!
* * * LOW HITPOINT WARNING * * *
You hit the scorpion but do no damage.
The scorpion is almost dead.
You feel sick. The scorpion stings you!
* * * LOW HITPOINT WARNING * * *
You are more poisoned.
The scorpion poisons you!
You hit the scorpion but do no damage.
The scorpion is almost dead.
* * * LOW HITPOINT WARNING * * *
You feel sick. The scorpion stings you!
You die...

### #<# #.# #.#
#@# #s# #.# #.#
#(#
..(s..........#
.......(......+
.....####.....#
###.. .....#


You could see a scorpion.

Vanquished Creatures
  A howler monkey (D:4)
  2 orc priests
  An orc wizard (D:4)
  2 worker ants
  4 adders
  2 oozes (D:1)
  4 worms
  A dart slug (D:1)
  4 leopard geckos
  10 orcs
  A ball python (D:2)
  5 bats
  6 giant cockroaches
  8 goblins
  5 hobgoblins
  2 jackals (D:3)
  A quokka (D:3)
  4 frilled lizards
  A jackal skeleton (D:4)
  11 kobolds
  5 rats
80 creatures vanquished.

Notes
Turn   | Place    | Note
-------+----------+-------------------------------------------
     0 | D:1      | Sandy the Demigod Artificer began the quest for the Orb.
     0 | D:1      | Reached XP level 1. HP: 15/15 MP: 5/5
    13 | D:1      | Reached skill level 1 in Short Blades
   289 | D:2      | Reached skill level 2 in Short Blades
   369 | D:1      | Reached XP level 2. HP: 22/22 MP: 6/6
  1104 | D:1      | Reached XP level 3. HP: 25/27 MP: 7/7
  1191 | D:1      | Reached skill level 3 in Short Blades
  1841 | D:2      | Found a shattered altar of Ashenzari.
  2458 | D:3      | Found a sacrificial altar of Ru.
  2530 | D:3      | Reached XP level 4. HP: 13/34 MP: 8/8
  2816 | D:3      | Reached skill level 4 in Short Blades
  3003 | D:3      | Found a radiant altar of Vehumet.
  3139 | D:3      | Reached skill level 1 in Slings
  3722 | D:5      | Entered Level 5 of the Dungeon
  4420 | D:4      | Reached skill level 1 in Fighting
  4420 | D:4      | Reached XP level 5. HP: 31/40 MP: 9/9
  4868 | D:4      | Got an ominously black robe
  4884 | D:4      | Identified the cursed +1 robe of Tomiahai {*Corrode rN++
                  | Int+4} (You found it on level 4 of the Dungeon)
  5663 | D:4      | Reached skill level 5 in Short Blades
  5678 | D:4      | Reached skill level 1 in Shields
  5701 | D:4      | Found a shadowy altar of Dithmenos.
  5860 | D:5      | HP: 2/40 [scorpion (7)]
  5861 | D:5      | Mangled by a scorpion

Skill      XL: |  1  2  3  4  5 |
---------------+----------------+-----
Short Blades   | 2 3 4 5 |  5.0
Slings         | 1 |  1.4
Fighting       | 1 |  1.6
Shields        | 1 |  1.0
Dodging        | |  1.7
Stealth        | |  0.8
Evocations     | |  2.6

Action                   |  1- 3 |  4- 6 || total
-------------------------+-------+-------++-------
Melee: Short sword       |   179 |   215 ||   394
 Fire: Hunting sling     |    10 |    41 ||    51
       Blowgun           |       |    30 ||    30
Throw: Stone             |     7 |     8 ||    15
Evoke: Wand              |     4 |     4 ||     8
  Use: Potion            |     1 |     5 ||     6
       Scroll            |       |     6 ||     6
 Stab: Sleeping          |     4 |       ||     4
  Eat: Chunk             |     5 |     7 ||    12
       Ration            |       |     1 ||     1
Armor: Leather armour    |    44 |    16 ||    60
       Robe              |       |     9 ||     9
Dodge: Dodged            |    99 |    98 ||   197
Block: Buckler           |       |    16 ||    16
